AoeStats
← laichzeit53

Arena

509418309Analyzed
1v1 RM · 4d ago on Sep 26, 2026· 50m 36s· 2 players
Game mode
Random Map
Map size
Tiny (2 player)
Population
200
Speed
Normal
Resources
Standard
Victory
Conquest
Starting age
Dark Age
Ending age
Imperial Age
RankedLock teamsTeams togetherTeam positionsShared explorationLock speedFull tech treeHidden civsTurbo modeCheats
Victory
Defeat
🇿🇦 Franks · South Africa
363
+11
🇬🇧 Slavs · United Kingdom
246
-11
ldacre25
11:57 Feudal Age
13:18 Double-Bit Axe
14:42 Man-at-Arms
15:45 Gold Mining
16:39 Wheelbarrow
16:05 Horse Collar
19:47 Forging
20:56 Town Watch
23:19 Scale Mail Armor
28:27 Castle Age
30:21 Long Swordsman
31:42 Iron Casting
31:28 Bow Saw
31:27 Heavy Plow
32:08 Gold Shaft Mining
31:54 Chain Mail Armor
34:59 Town Patrol
37:57 Fletching
39:00 Pikeman
43:37 Imperial Age
41:05 Stone Mining
42:51 Detinets
43:17 Hand Cart
43:26 Hand Cart
43:17 Bodkin Arrow
45:46 Chemistry
45:07 Ballistics
44:51 Murder Holes
44:37 Two-Handed Swordsman
47:03 Conscription
laichzeit53
2:45 Loom
9:52 Feudal Age
10:20 Double-Bit Axe
11:17 Wheelbarrow
12:56 Gold Mining
15:42 Town Watch
15:35 Man-at-Arms
17:55 Scale Barding Armor
22:45 Forging
22:36 Scale Mail Armor
22:37 Padded Archer Armor
27:30 Stone Mining
35:50 Castle Age
34:00 Fletching
36:47 Hand Cart
37:47 Bow Saw
37:52 Long Swordsman
38:38 Husbandry
40:18 Town Patrol
41:23 Gold Shaft Mining
40:19 Pikeman
41:02 Light Cavalry
42:31 Elite Skirmisher
42:33 Crossbowman
44:32 Masonry
46:41 Ordonnance Companies
48:21 Ballistics
Connection lost

Rejoining the realm…

Still unreachable

The connection could not be restored.

Session expired

The server has moved on; the page needs a fresh start.